 Dungeon Crawl Stone Soup version bcrawl-1.21.3 (webtiles) character file.

Game seed: 4810051508160860316

830 Flugslaktarn the Chopper (level 7, 0/44 HPs)
             Began as a Skeleton Archaeologist on Mar 30, 2020.
             Was an Initiate of Gozag.
             Slain by an iguana (3 damage)
             ... on level 4 of the Dungeon.
             The game lasted 00:02:12 (3927 turns).

Flugslaktarn the Chopper (Skeleton Archaeologist)   Turns: 3927, Time: 00:02:13

Health: 0/44       AC: 14    Str: 18 (19) XL:     7   Next: 65%
Magic:  0/7        EV:  9    Int: 13      God:    Gozag
Gold:   543        SH:  0    Dex:  7      Spells: 6/6 levels left

rFire    . . .     SeeInvis .   f - +1 war axe (elec)
rCold    + . .     Gourm    .   (no shield)
rNeg     + + +     Faith    .   p - +0 chain mail
rPois    ∞         Spirit   +   c - +1 hat
rElec    .         Reflect  .   (no cloak)
rCorr    .         Harm     .   o - +1 pair of gloves {archery}
MR       +....                  d - +1 pair of boots
Stlth    ..........             (no amulet)
HPRegen  0.14/turn              (no ring)
MPRegen  0.10/turn              (no ring)

@: gold aura
A: no food or potions, cold resistance 1, deterioration 1, negative energy
resistance 3, powered by death 1, torment resistance, unbreathing, magic shield,
sturdy frame 1, spell healing
a: Potion Petition, Call Merchant, Bribe Branch, Renounce Religion


You were on level 4 of the Dungeon.
You worshipped Gozag.
Gozag was pleased with you.
You were not hungry.

You visited 1 branch of the dungeon, and saw 5 of its levels.

You collected 593 gold pieces.
You paid 50 gold pieces to Gozag.

Inventory:

Hand Weapons
 a - a +0 whip
 f - a +1 war axe of electrocution (weapon)
   (You acquired it on level 2 of the Dungeon)
 i - a +1 short sword of draining
   (You found it on level 1 of the Dungeon)
 n - a +1 hand axe of venom
   (You took it off an orc on level 2 of the Dungeon)
Missiles
 m - a throwing net (quivered) {!f}
Armour
 b - a +1 robe
 c - a +1 hat (worn)
 d - a +1 pair of boots (worn)
 o - a +1 pair of gloves of archery (worn)
   (You found it on level 2 of the Dungeon)
 p - a +0 chain mail (worn)
   (You found it on level 2 of the Dungeon)
Scrolls
 e - 2 scrolls of magic mapping
 g - a scroll of fog {unknown}
 h - 3 scrolls of teleportation {unknown}
 j - 3 scrolls of identify {unknown}
 k - a scroll of amnesia {unknown}
 l - 3 scrolls of remove curse {unknown}
 q - a scroll of enchant weapon {unknown}
 r - a scroll of immolation {unknown}


   Skills:
 + Level 4.9 Fighting
 * Level 7.5 Axes
 - Level 1.2(4.8) Maces & Flails
 + Level 3.1 Armour
 - Level 3.0 Dodging
 - Level 3.6 Stealth


You had 6 spell levels left.
You didn't know any spells.
Your spell library was empty.

Dungeon Overview and Level Annotations

Branches:
Dungeon (5/12)
 Temple: D:4-7

Altars:
Dithmenos
Gozag
Hepliaklqana
Lugonu
Qazlal
Trog
Uskayaw
Xom


Innate Abilities, Weirdness & Mutations

You do not eat or drink.
You are immune to poison.
Your flesh is cold resistant. (rC+)
Your body sometimes deteriorates upon taking damage.
You are immune to negative energy. (rN+++)
You regenerate a little health from kills.
You are immune to unholy pain and torment.
You can survive without breathing.
When hurt, damage is shared between your health and your magic reserves.
Your movements are slightly less encumbered by armour. (ER -2)
Casting spells heals you.


Message History

You are too injured to fight recklessly!
You hit the iguana but do no damage.
The iguana is moderately wounded.
The iguana closely misses you.
You hit the iguana.
The iguana is severely wounded.
The iguana bites you.
* * * LOW HITPOINT WARNING * * *
You hit the iguana but do no damage.
The iguana is severely wounded.
The iguana bites you.
* * * LOW HITPOINT WARNING * * *
You hit the iguana.
The iguana is almost dead.
The iguana bites you but does no damage.
You hit the iguana but do no damage.
The iguana is almost dead.
The iguana bites you.
You die...
Your body crumbles into a pile of gold.

#........#
#########........#
####................#
....................#
####................#
#####.###........#
#..##........#
#########.##........#
................@l..#
##########
#########..#........#
#......... #
##.#........#
#.#####.## #
#.#........# #.# #.#
# #..###.###.# #.#
#.# # ##.# #.# #.#
#.# #.# # #.# #.# #.#
#.# #.#
###########.###.# #.#
#.# #.#
#...............# #.#
#.# #.#


You could see an iguana.

Vanquished Creatures
  A troll (D:5)
  Sigmund (D:2)
  An ogre (D:5)
  A scorpion (D:5)
  3 crimson imps (D:4)
  A hound (D:4)
  An orc priest (D:3)
  An iguana (D:5)
  5 adders
  An ooze (D:3)
  2 adder zombies (D:2)
  3 adder skeletons
  4 worms
  A dart slug (D:1)
  4 leopard geckos
  10 orcs
  3 bats
  4 giant cockroaches
  3 goblins
  6 hobgoblins
  A jackal (D:2)
  2 quokkas
  A ball python skeleton (D:2)
  A ball python zombie (D:2)
  3 frilled lizards
  A jackal zombie (D:2)
  8 kobolds
  5 rats
78 creatures vanquished.

Notes
Turn   | Place    | Note
-------+----------+-------------------------------------------
     0 | D:1      | Flugslaktarn the Skeleton Archaeologist began the quest for
                  | the Orb.
     0 | D:1      | Reached XP level 1. HP: 12/12 MP: 1/1
   396 | D:1      | Reached XP level 2. HP: 17/17 MP: 2/2
   901 | D:2      | Found a stormy altar of Qazlal.
   952 | D:2      | Found an opulent altar of Gozag.
   962 | D:2      | Became a worshipper of Gozag Ym Sagoz the Greedy
  1215 | D:2      | Reached XP level 3. HP: 23/23 MP: 3/3
  1632 | D:2      | Reached skill level 1 in Axes
  1632 | D:2      | Reached XP level 4. HP: 29/29 MP: 4/4
  1830 | D:2      | Noticed Sigmund
  1843 | D:2      | Killed Sigmund
  1843 | D:2      | Reached skill level 5 in Axes
  1843 | D:2      | Reached XP level 5. HP: 29/33 MP: 3/5
  1843 | D:2      | Identified a scroll of acquirement
  2212 | D:3      | Found a bloodstained altar of Trog.
  2286 | D:3      | Gained mutation: You regenerate a little health from kills.
                  | [Skeleton growth]
  2286 | D:3      | Reached XP level 6. HP: 38/38 MP: 6/6
  2515 | D:3      | Found a shimmering altar of Xom.
  2516 | D:3      | Found a hazy altar of Hepliaklqana.
  2516 | D:3      | Noticed a spectral ugly thing
  2517 | D:3      | Noticed a spectral ugly thing
  2517 | D:3      | Noticed a spectral ugly thing
  2662 | D:3      | Reached skill level 1 in Armour
  3054 | D:4      | Found a corrupted altar of Lugonu.
  3276 | D:4      | Reached skill level 6 in Axes
  3526 | D:4      | Found a hide-covered altar of Uskayaw.
  3530 | D:4      | Found a shadowy altar of Dithmenos.
  3823 | D:5      | Entered Level 5 of the Dungeon
  3828 | D:5      | Reached XP level 7. HP: 42/44 MP: 5/7
  3857 | D:5      | Noticed a troll
  3863 | D:5      | Killed a troll
  3863 | D:5      | Reached skill level 7 in Axes
  3927 | D:4      | Slain by an iguana

Skill      XL: |  1  2  3  4  5  6  7 |
---------------+----------------------+-----
Fighting       | 2 3 4 |  4.9
Axes           | 1 5 6 7 |  7.5
Armour         | 2 3 |  3.1
Maces & Flails | |  1.2
Dodging        | |  3.0
Stealth        | |  3.6

Action                   |  1- 3 |  4- 6 |  7- 9 || total
-------------------------+-------+-------+-------++-------
Melee: Whip              |    25 |       |       ||    25
       Short sword       |    87 |       |       ||    87
       Hand axe          |     2 |    39 |       ||    41
       War axe           |       |    75 |    20 ||    95
  Use: Scroll            |       |     1 |       ||     1
 Stab: Sleeping          |     8 |     1 |       ||     9
Armor: Robe              |    41 |     7 |       ||    48
       Chain mail        |       |    49 |     8 ||    57
Dodge: Dodged            |    66 |    59 |    11 ||   136
